 Dungeon Crawl Stone Soup version 0.29.1-1-gd02db69 (webtiles) character file.

Game seed: 11107733884903613837

8 bonegar the Sneak (level 2, 22/22 HPs)
             Began as a Naga Enchanter on Mar 14, 2023.
             Was an Initiate of Ru.
             Got out of the dungeon alive.
             The game lasted 00:05:34 (786 turns).

bonegar the Sneak (Naga Enchanter)                   Turns: 786, Time: 00:05:35

Health: 22/22      AC:  2    Str: 10    XL:     2   Next: 8%
Magic:  5/5        EV:  9    Int: 15    God:    Ru [......]
Gold:   28         SH:  0    Dex:  9    Spells: 5/5 levels left

rFire   . . .      SeeInvis +   a - +1 dagger
rCold   . . .      Faith    .   (no shield)
rNeg    . . .      Spirit   .   b - +0 robe
rPois   +          Reflect  .   (no helmet)
rElec   .          Harm     .   d - +0 cloak
rCorr   .          Rampage  .   (no gloves)
Will    .....                   (no barding)
Stlth   ++........              (no amulet)
HPRegen 0.07/turn               (no ring)
MPRegen 0.09/turn               (no ring)

@: very slow
A: AC +0, large, see invisible, clumsy 1, deformed body, poison resistance,
slowness 2, spit poison 1, naga tail 1
a: Spit Poison, Renounce Religion


You escaped.
You worshipped Ru.
Ru was noncommittal.
You visited 1 branch of the dungeon, and saw 1 of its levels.

You collected 28 gold pieces.

Inventory:

Hand Weapons
 a - a +1 dagger (weapon)
Missiles
 e - 4 silver javelins (quivered)
Armour
 b - a +0 robe (worn)
 d - a +0 cloak (worn)
Jewellery
 i - an amulet of the acrobat
Scrolls
 f - a scroll of brand weapon {unknown}
 g - a scroll of poison {unknown}
 h - a scroll of blinking {unknown}
Potions
 c - 2 potions of invisibility


   Skills:
 + Level 1.0 Short Blades
 + Level 1.6 Dodging
 + Level 4.8 Stealth
 + Level 2.1 Spellcasting
 + Level 3.2 Hexes


You had 5 spell levels left.
You didn't know any spells.
Your spell library contained the following spells:

 Spells                   Type           Power      Damage    Failure   Level
 Ensorcelled Hibernation  Hex/Ice        12%        N/A       17%         2
 Confusing Touch          Hex            11%        N/A       19%         3
 Tukima's Dance           Hex            11%        N/A       19%         3
 Dazzling Flash           Conj/Hex       12%        N/A       34%         3


Dungeon Overview and Level Annotations

Branches:
Dungeon (1/15)

Altars:
Ru

Shops:
D:1 ?


Innate Abilities, Weirdness & Mutations

Your serpentine skin is tough. (AC +0)
You have supernaturally acute eyesight. (SInv)
You are clumsy. (Dex -2)
Armour fits poorly on your strangely shaped body.
Your system is resistant to poisons. (rPois)
You cover ground very slowly.
You can spit poison.
You have a snake-like lower body.


Message History

The dart slug bites you.
You hit the dart slug.
The dart slug is lightly wounded.
You hit the dart slug but do no damage.
The dart slug is lightly wounded.
The dart slug barely misses you.
You hit the dart slug.
The dart slug is moderately wounded.
The dart slug barely misses you.
You hit the dart slug.
The dart slug is almost dead.
You hit the dart slug.
You kill the dart slug!
You have reached level 2!
Unknown command.
Unknown command.
Found a short sword and a hand axe.
You see here a +0 short sword.
You see here a +0 hand axe.
A ball python comes into view.
Unknown command.
Unknown command.
Okay, then.
Okay, then.
Okay, then.
Unknown command.
You see here a +0 hand axe.
You see here a +0 short sword.
Key pressed, stopping travel.
You see here a rat corpse.
There is an open door here.
There is a sacrificial altar of Ru here.
There is an open door here.
You enter the shallow water.
Moving in this stuff is going to be slow.
There is an open door here.
There is a staircase leading out of the dungeon here.
You can't go down here!
Are you sure you want to leave the Dungeon?
This will make you lose the game!
You have escaped!

..#....# ####.####.....# ###.....
##_###.#####...........# ###.###.
..#....#.....♣####....>###.....#.
..#....####.~~~.##.........###.#
#####..# #P~~~♣########.....#...
..#....# ###~~♣###...)...###.# ##
##'##### #.##~##.#.###.....#...
.....## #..'~'..# #.###.# ###
......## #.##~##@# #... ...
..P♣...# ###♣~♣### ...... .##
.#..P.## ~~~♣# .##.##.. .#
.#..### .~~~.##.... ... # ....#
##..#....... ..## #...# #.......#
##..#### ##...... #.....#
##PP.♣... ##.###.#####..P♣


There were no monsters in sight!

Vanquished Creatures
  A dart slug (D:1)
  2 goblins (D:1)
  A hobgoblin (D:1)
  2 bats (D:1)
  A rat (D:1)
7 creatures vanquished.

Notes
Turn   | Place    | Note
-------+----------+-------------------------------------------
     0 | D:1      | bonegar the Naga Enchanter began the quest for the Orb.
     0 | D:1      | Reached XP level 1. HP: 15/15 MP: 3/3
   351 | D:1      | Found Xedirgh's Magic Scroll Boutique.
   440 | D:1      | Found a faded altar of an unknown god.
   474 | D:1      | Prayed at the altar of an unknown god.
   474 | D:1      | Became a worshipper of Ru the Awakened
   562 | D:1      | Gained mutation: You are clumsy. (Dex -2) [Ru sacrifice]
   580 | D:1      | Reached XP level 2. HP: 19/22 MP: 5/5
   786 | D:$      | Got out of the dungeon alive.

Illustrated notes

Levels and vault maps discovered:
D:1:      sevenhm_arrival_forest_fort_small_4, layout_loops_cross,
          serial_forest, infiniplex_forest_clump_tiny,
          infiniplex_forest_lined_room_2, infiniplex_forest_clump_small,
          infiniplex_forest_join, infiniplex_forest_clump_large,
          infiniplex_forest_end_2, infiniplex_forest_corner_2,
          infiniplex_forest_clump_cross, infiniplex_forest_clump_tiny,
          shapermc_ecumenical_altar_notcrosses, serial_shops, shop_statue,
          minmay_misc_feat_room, hangedman_abyss_or_decor_stabs,
          chequers_serial_rivers_small_b

Action                   || total
-------------------------++-------
Melee: Dagger            ||    16
Throw: Javelin           ||     1
Invok: Sacrifice Purity  ||     1
 Stab: Sleeping          ||     2
Armor: Robe              ||     5
Dodge: Dodged            ||    12
